[ AOE2 MATCH · #464200585 ]
UnrankedBohemians vs Persians
[ REPLAY ANALYSIS · EXTRACTED FROM THE RECORDED GAME ]
Feudal
10:36
Castle
18:54
Imperial
30:01
| APM avg | 17.6 |
| APM peak | 65 |
| eAPM avg | 13.2 |
| Villagers / military | 81 / 99 |
Focus
⚔️ 34.1% · 🌾 65.9%
Hussite Wagon ×84 · Trade Cart ×22 · Spearman ×9 · Trebuchet (Packed) ×6
Feudal
9:31
Castle
16:33
Imperial
31:42
| APM avg | 16.5 |
| APM peak | 127 |
| eAPM avg | 13.4 |
| Villagers / military | 104 / 165 |
Focus
⚔️ 25.8% · 🌾 74.2%
Knight ×95 · Archer ×70 · Trade Cart ×20
Feudal
10:25
Castle
16:35
Imperial
33:08
| APM avg | 17.7 |
| APM peak | 62 |
| eAPM avg | 13.9 |
| Villagers / military | 145 / 196 |
Focus
⚔️ 18.4% · 🌾 81.6%
Archer ×155 · Knight ×40 · Monk ×1
Feudal
13:46
Castle
19:17
Imperial
32:35
| APM avg | 37.3 |
| APM peak | 134 |
| eAPM avg | 21.7 |
| Villagers / military | 92 / 54 |
Focus
⚔️ 58.9% · 🌾 41.1%
Knight ×28 · Organ Gun ×23 · Trade Cart ×10 · Trebuchet (Packed) ×2 · Monk ×1
Feudal
12:16
Castle
18:05
Imperial
30:17
| APM avg | 11.4 |
| APM peak | 32 |
| eAPM avg | 8.8 |
| Villagers / military | 88 / 50 |
Focus
⚔️ 26.6% · 🌾 73.4%
Camel Scout ×35 · Hand Cannoneer ×12 · Trade Cart ×3 · Trebuchet (Packed) ×3
Feudal
12:16
Castle
17:40
Imperial
38:12
| APM avg | 18.3 |
| APM peak | 46 |
| eAPM avg | 13.7 |
| Villagers / military | 104 / 153 |
Focus
⚔️ 37.6% · 🌾 62.4%
Militia ×64 · Spearman ×55 · Scorpion ×20 · Trade Cart ×12 · Centurion ×8 · Monk ×3
Feudal
11:32
Castle
15:27
Imperial
29:21
| APM avg | 27.2 |
| APM peak | 63 |
| eAPM avg | 20.5 |
| Villagers / military | 140 / 182 |
Focus
⚔️ 37.1% · 🌾 62.9%
Knight ×129 · Scout Cavalry ×41 · Tarkan ×11 · Mangonel ×1
Feudal
12:39
Castle
17:13
Imperial
—
| APM avg | 10.4 |
| APM peak | 58 |
| eAPM avg | 7.7 |
| Villagers / military | 97 / 50 |
Focus
⚔️ 23.0% · 🌾 77.0%
Spearman ×50
Match map
Initial resources + every placement click. Lines = walls · curves = elevation contours. ◆ gold · ⬟ stone · ● berries · ✦ relic · ◌ wall gap
Your base· ✓ Closed at 18:54 · 0t walls · 2 gate(s)
alex02052013's base· ✓ Closed at 16:33 · 0t walls · 3 gate(s)
RoshiClutch's base· ✓ Closed at 16:35 · 0t walls · 3 gate(s)
CaptOblivious's base· ✓ Closed at 19:17 · 0t walls · 2 gate(s)
FullMonte's base· ✓ Closed at 18:05 · 1t walls · 2 gate(s)
HoneyBadger.135's base· ✓ Closed at 17:40 · 0t walls · 3 gate(s)
teban0721's base· ✓ Closed at 15:27 · 0t walls · 2 gate(s)
LoCo5544's base· ✓ Closed at 17:13 · 0t walls · 2 gate(s)
Smoothed initial terrain · ◌ = detected wall gap · hover for details
Inputs per minute
— maximiliano.conzuelo - - alex02052013
Build order — maximiliano.conzuelo
First 150 of 288 actions detected
| 0:03 | Build | House |
| 0:06 | Build | House |
| 0:07 | Create | Villager (Male) |
| 0:07 | Create | Villager (Male) |
| 0:08 | Create | Villager (Male) |
| 0:08 | Create | Villager (Male) |
| 1:37 | Create | Villager (Male) |
| 2:00 | Build | Lumber Camp |
| 2:05 | Create | Villager (Male) |
| 2:22 | Create | Villager (Male) |
| 3:10 | Create | Villager (Male) |
| 3:19 | Create | Villager (Male) |
| 4:06 | Build | Mill |
| 4:20 | Create | Villager (Male) |
| 4:30 | Build | House |
| 4:44 | Create | Villager (Male) |
| 4:45 | Create | Villager (Male) |
| 5:22 | Create | Villager (Male) |
| 5:59 | Create | Villager (Male) |
| 5:59 | Create | Villager (Male) |
| 5:59 | Create | Villager (Male) |
| 6:48 | Create | Villager (Male) |
| 6:51 | Build | House |
| 7:23 | Create | Villager (Male) |
| 7:45 | Build | Barracks |
| 7:51 | Build | Mining Camp |
| 8:26 | Research | Feudal Age |
| 8:28 | Research | Loom |
| 9:03 | Create | Villager (Male) |
| 9:04 | Create | Villager (Male) |
| 9:08 | Build | House |
| 9:35 | Create | Villager (Male) |
| 9:45 | Build | Mining Camp |
| 10:36 | Age | Feudal Age |
| 10:46 | Research | Double-Bit Axe |
| 10:59 | Build | Farm |
| 11:09 | Build | Blacksmith |
| 11:39 | Build | Market |
| 11:43 | Build | Farm |
| 11:51 | Create | Villager (Male) |
| 12:16 | Create | Villager (Male) |
| 12:20 | Create | Villager (Male) |
| 12:26 | Build | Farm |
| 12:29 | Build | Farm |
| 12:34 | Build | Farm |
| 12:41 | Build | Farm |
| 12:46 | Build | Farm |
| 12:51 | Build | Farm |
| 13:03 | Build | House |
| 13:26 | Create | Villager (Male) |
| 13:35 | Build | Farm |
| 13:38 | Build | Farm |
| 13:42 | Build | Farm |
| 13:48 | Build | Farm |
| 14:07 | Build | Farm |
| 14:13 | Build | Farm |
| 14:17 | Create | Villager (Male) |
| 14:22 | Create | Villager (Male) |
| 14:26 | Build | Farm |
| 14:56 | Build | Farm |
| 15:01 | Build | Farm |
| 15:06 | Create | Villager (Male) |
| 15:20 | Build | House |
| 15:33 | Build | Farm |
| 15:58 | Build | Farm |
| 16:14 | Research | Castle Age |
| 16:34 | Create | Villager (Male) |
| 17:03 | Research | Horse Collar |
| 17:11 | Create | Villager (Male) |
| 17:13 | Create | Villager (Male) |
| 18:05 | Research | Wheelbarrow |
| 18:48 | Create | Villager (Male) |
| 18:51 | Build | House |
| 18:54 | Age | Castle Age |
| 18:56 | Build | House |
| 19:04 | Build | Town Center |
| 19:22 | Create | Villager (Male) |
| 19:23 | Create | Villager (Male) |
| 20:00 | Build | Castle |
| 20:16 | Create | Villager (Male) |
| 20:18 | Create | Villager (Male) |
| 20:18 | Create | Villager (Male) |
| 20:19 | Research | Bow Saw |
| 21:05 | Create | Villager (Male) |
| 21:05 | Create | Villager (Male) |
| 21:06 | Create | Villager (Male) |
| 21:06 | Create | Villager (Male) |
| 21:06 | Create | Villager (Male) |
| 21:26 | Build | Monastery |
| 21:37 | Create | Villager (Male) |
| 21:57 | Build | Farm |
| 22:54 | Create | Villager (Male) |
| 22:58 | Create | Villager (Male) |
| 23:08 | Create | Trade Cart |
| 23:11 | Create | Trade Cart |
| 23:30 | Create | Villager (Male) |
| 23:31 | Create | Villager (Male) |
| 23:32 | Create | Villager (Male) |
| 24:01 | Build | Barracks |
| 24:16 | Build | Farm |
| 24:26 | Create | Villager (Male) |
| 24:26 | Create | Villager (Male) |
| 24:28 | Create | Villager (Male) |
| 24:28 | Create | Villager (Male) |
| 24:29 | Create | Villager (Male) |
| 24:29 | Create | Villager (Male) |
| 24:30 | Create | Villager (Male) |
| 24:30 | Create | Villager (Male) |
| 24:31 | Create | Villager (Male) |
| 25:01 | Create | Trade Cart |
| 25:01 | Create | Trade Cart |
| 25:07 | Create | Trade Cart |
| 25:11 | Research | Caravan |
| 25:21 | Create | Villager (Male) |
| 25:31 | Research | Heavy Plow |
| 26:02 | Create | Villager (Male) |
| 26:02 | Create | Villager (Male) |
| 26:07 | Create | Villager (Male) |
| 26:11 | Create | Villager (Male) |
| 26:15 | Create | Villager (Male) |
| 26:45 | Research | Imperial Age |
| 26:52 | Create | Villager (Male) |
| 26:53 | Create | Villager (Male) |
| 26:54 | Create | Villager (Male) |
| 26:54 | Create | Villager (Male) |
| 26:55 | Create | Villager (Male) |
| 27:19 | Create | Hussite Wagon |
| 27:19 | Create | Hussite Wagon |
| 27:23 | Create | Spearman |
| 27:23 | Create | Spearman |
| 27:24 | Create | Spearman |
| 27:24 | Create | Spearman |
| 27:24 | Create | Spearman |
| 27:24 | Create | Spearman |
| 27:25 | Create | Spearman |
| 27:25 | Create | Spearman |
| 27:25 | Create | Spearman |
| 28:14 | Create | Trade Cart |
| 28:14 | Create | Trade Cart |
| 28:14 | Create | Trade Cart |
| 28:15 | Create | Trade Cart |
| 28:15 | Create | Trade Cart |
| 28:29 | Build | House |
| 28:31 | Build | House |
| 28:32 | Build | House |
| 28:33 | Build | House |
| 28:35 | Build | House |
| 28:44 | Create | Villager (Male) |
| 28:44 | Create | Villager (Male) |
| 28:47 | Build | House |
Build order — alex02052013
First 150 of 262 actions detected
| 0:03 | Build | House |
| 0:04 | Build | House |
| 0:07 | Create | Villager (Male) ×5 |
| 1:37 | Create | Villager (Male) |
| 1:49 | Build | Lumber Camp |
| 2:12 | Create | Villager (Male) |
| 2:23 | Create | Villager (Male) |
| 2:58 | Create | Villager (Male) |
| 3:30 | Create | Villager (Male) |
| 3:49 | Build | House |
| 3:51 | Build | House |
| 3:58 | Create | Villager (Male) |
| 4:05 | Create | Villager (Male) |
| 4:11 | Build | Mill |
| 4:31 | Create | Villager (Male) |
| 4:57 | Create | Villager (Male) |
| 4:58 | Create | Villager (Male) |
| 5:52 | Create | Villager (Male) |
| 5:53 | Create | Villager (Male) |
| 6:34 | Research | Loom |
| 7:02 | Build | Mining Camp |
| 7:27 | Research | Feudal Age |
| 9:06 | Create | Villager (Male) ×5 |
| 9:30 | Build | Mill |
| 9:31 | Age | Feudal Age |
| 10:05 | Build | Lumber Camp |
| 10:34 | Build | House |
| 10:35 | Build | House |
| 11:16 | Build | Farm |
| 11:17 | Build | Farm |
| 11:27 | Build | Farm |
| 11:28 | Build | Farm |
| 11:29 | Build | Farm |
| 11:36 | Create | Villager (Male) |
| 11:37 | Create | Villager (Male) |
| 11:37 | Create | Villager (Male) |
| 12:10 | Build | Farm |
| 12:15 | Build | Farm |
| 12:22 | Create | Villager (Male) |
| 12:22 | Create | Villager (Male) |
| 12:23 | Create | Villager (Male) |
| 12:41 | Build | Blacksmith |
| 12:52 | Build | Mining Camp |
| 13:19 | Build | Market |
| 14:07 | Research | Castle Age |
| 15:40 | Build | Farm |
| 15:46 | Build | House |
| 15:47 | Build | House |
| 15:49 | Build | House |
| 15:53 | Build | House |
| 16:04 | Build | Farm |
| 16:06 | Build | Farm |
| 16:07 | Build | Farm |
| 16:08 | Build | Farm |
| 16:33 | Age | Castle Age |
| 16:38 | Create | Villager (Male) |
| 16:39 | Create | Villager (Male) |
| 16:43 | Create | Villager (Male) |
| 16:57 | Create | Villager (Male) |
| 17:11 | Build | Town Center |
| 17:15 | Research | Double-Bit Axe |
| 17:20 | Research | Horse Collar |
| 17:30 | Build | House |
| 17:32 | Build | House |
| 17:48 | Create | Villager (Male) |
| 17:48 | Create | Villager (Male) |
| 18:39 | Create | Villager (Male) |
| 18:40 | Create | Villager (Male) |
| 18:47 | Build | House |
| 18:48 | Build | House |
| 18:49 | Build | House |
| 18:50 | Build | House |
| 18:59 | Build | Town Center |
| 19:02 | Create | Villager (Male) |
| 19:08 | Create | Villager (Male) |
| 19:08 | Create | Villager (Male) |
| 19:10 | Create | Villager (Male) |
| 19:49 | Create | Villager (Male) |
| 19:50 | Create | Villager (Male) |
| 19:53 | Create | Villager (Male) |
| 19:54 | Create | Villager (Male) |
| 20:01 | Build | Farm |
| 20:21 | Create | Villager (Male) |
| 20:36 | Build | Farm |
| 20:44 | Build | Farm |
| 20:48 | Create | Villager (Male) ×5 |
| 20:49 | Create | Villager (Male) ×5 |
| 20:54 | Build | House |
| 20:55 | Build | House |
| 20:58 | Build | House |
| 21:01 | Build | House |
| 21:02 | Build | House |
| 21:04 | Build | House |
| 21:13 | Build | Farm |
| 21:28 | Build | Farm |
| 21:31 | Research | Heavy Plow |
| 21:50 | Build | Farm |
| 21:54 | Create | Villager (Male) ×3 |
| 22:13 | Build | Farm |
| 22:32 | Create | Villager (Male) ×4 |
| 22:37 | Build | Farm |
| 22:40 | Build | Farm |
| 22:45 | Build | Farm |
| 22:50 | Create | Villager (Male) ×2 |
| 23:00 | Build | Castle |
| 23:07 | Build | Farm |
| 23:13 | Build | Farm |
| 23:16 | Create | Villager (Male) ×4 |
| 23:21 | Build | Farm |
| 23:29 | Build | Farm |
| 23:38 | Build | Farm |
| 23:47 | Build | Farm |
| 23:57 | Build | Farm |
| 24:01 | Create | Villager (Male) ×5 |
| 24:01 | Create | Villager (Male) |
| 24:01 | Create | Villager (Male) |
| 24:12 | Build | Farm |
| 24:18 | Build | Farm |
| 24:23 | Build | Farm |
| 24:28 | Build | House |
| 24:29 | Build | House |
| 24:30 | Build | House |
| 24:30 | Build | House |
| 24:31 | Build | House |
| 24:32 | Build | House |
| 24:34 | Build | House |
| 24:36 | Build | House |
| 24:37 | Build | House |
| 24:38 | Build | House |
| 24:39 | Build | House |
| 24:46 | Build | House |
| 24:46 | Build | House |
| 24:49 | Build | House |
| 24:51 | Build | House |
| 24:59 | Build | Farm |
| 25:02 | Build | Farm |
| 25:06 | Build | Farm |
| 25:19 | Create | Villager (Male) ×5 |
| 25:20 | Create | Villager (Male) ×5 |
| 25:20 | Create | Villager (Male) ×4 |
| 25:27 | Build | Farm |
| 25:34 | Build | Farm |
| 25:53 | Build | Mining Camp |
| 26:01 | Create | Villager (Male) ×5 |
| 26:05 | Create | Trade Cart |
| 26:06 | Create | Trade Cart |
| 26:07 | Create | Trade Cart |
| 26:41 | Build | Barracks |
| 26:47 | Build | Market |
| 26:56 | Create | Villager (Male) ×5 |
Build order — RoshiClutch
First 150 of 387 actions detected
| 0:03 | Build | House |
| 0:05 | Build | House |
| 0:06 | Create | Villager (Male) |
| 0:07 | Create | Villager (Male) |
| 0:07 | Create | Villager (Male) |
| 0:07 | Create | Villager (Male) |
| 0:07 | Create | Villager (Male) |
| 1:36 | Create | Villager (Male) |
| 1:56 | Build | Lumber Camp |
| 2:19 | Create | Villager (Male) |
| 2:45 | Create | Villager (Male) |
| 3:15 | Create | Villager (Male) |
| 3:28 | Build | House |
| 3:29 | Build | House |
| 3:42 | Create | Villager (Male) |
| 4:07 | Create | Villager (Male) |
| 4:42 | Create | Villager (Male) |
| 4:52 | Create | Villager (Male) |
| 5:10 | Build | Mill |
| 5:30 | Create | Villager (Male) |
| 5:31 | Create | Villager (Male) |
| 5:41 | Create | Villager (Male) |
| 6:19 | Create | Villager (Male) |
| 7:05 | Create | Villager (Male) |
| 7:29 | Create | Villager (Male) |
| 7:48 | Create | Villager (Male) |
| 8:18 | Build | Lumber Camp |
| 8:22 | Research | Feudal Age |
| 8:53 | Build | House |
| 8:55 | Build | House |
| 9:22 | Build | Mining Camp |
| 9:36 | Create | Villager (Male) |
| 9:36 | Create | Villager (Male) |
| 10:23 | Build | House |
| 10:25 | Age | Feudal Age |
| 10:30 | Research | Double-Bit Axe |
| 10:31 | Research | Horse Collar |
| 10:34 | Build | Farm |
| 10:37 | Build | Farm |
| 10:39 | Build | Farm |
| 10:45 | Build | Farm |
| 10:50 | Create | Villager (Male) |
| 10:59 | Build | Farm |
| 11:10 | Build | Market |
| 11:15 | Build | Farm |
| 11:28 | Create | Villager (Male) |
| 11:41 | Build | Farm |
| 11:47 | Create | Villager (Male) |
| 12:00 | Build | Farm |
| 12:10 | Create | Villager (Male) |
| 12:22 | Build | House |
| 12:26 | Build | Farm |
| 12:43 | Create | Villager (Male) |
| 12:57 | Build | Blacksmith |
| 13:03 | Create | Villager (Male) |
| 13:24 | Build | Farm |
| 13:26 | Create | Villager (Male) |
| 13:45 | Build | House |
| 14:09 | Research | Castle Age |
| 14:20 | Build | Mining Camp |
| 14:53 | Build | Lumber Camp |
| 15:11 | Create | Villager (Male) |
| 15:12 | Create | Villager (Male) |
| 16:01 | Build | Barracks |
| 16:08 | Research | Stone Mining |
| 16:24 | Research | Gold Mining |
| 16:24 | Research | Gold Mining |
| 16:35 | Age | Castle Age |
| 16:52 | Build | Farm |
| 17:08 | Build | Farm |
| 17:19 | Create | Villager (Male) |
| 17:32 | Build | Stable |
| 17:41 | Create | Villager (Male) |
| 18:03 | Build | Monastery |
| 18:05 | Create | Villager (Male) |
| 18:06 | Create | Villager (Male) |
| 18:35 | Build | Castle |
| 18:36 | Build | Mining Camp |
| 18:38 | Create | Villager (Male) |
| 18:55 | Build | Mill |
| 18:56 | Build | Farm |
| 18:56 | Build | Farm |
| 18:57 | Build | Farm |
| 18:57 | Build | Farm |
| 18:59 | Create | Villager (Male) |
| 19:11 | Create | Villager (Male) |
| 19:18 | Create | Villager (Male) |
| 19:22 | Create | Villager (Male) |
| 19:30 | Create | Villager (Male) |
| 19:45 | Create | Monk |
| 20:07 | Build | Archery Range |
| 20:08 | Create | Villager (Male) |
| 20:12 | Create | Villager (Male) |
| 20:24 | Create | Villager (Male) |
| 20:27 | Create | Villager (Male) |
| 20:37 | Create | Villager (Male) |
| 20:46 | Create | Villager (Male) |
| 20:58 | Build | Town Center |
| 21:00 | Create | Villager (Male) |
| 21:15 | Build | Market |
| 21:22 | Build | University |
| 21:23 | Create | Villager (Male) |
| 21:27 | Create | Villager (Male) |
| 21:31 | Create | Villager (Male) |
| 21:34 | Create | Villager (Male) |
| 21:42 | Create | Villager (Male) |
| 22:07 | Research | Kamandaran |
| 22:08 | Create | Villager (Male) |
| 22:16 | Create | Villager (Male) |
| 22:37 | Build | Town Center |
| 22:38 | Create | Villager (Male) |
| 22:42 | Create | Villager (Male) |
| 22:47 | Build | Farm |
| 22:47 | Build | Farm |
| 22:48 | Build | Farm |
| 22:48 | Build | Farm |
| 22:48 | Build | Farm |
| 22:48 | Build | Farm |
| 22:49 | Build | Farm |
| 22:49 | Build | Farm |
| 22:59 | Create | Villager (Male) |
| 23:04 | Build | Lumber Camp |
| 23:09 | Create | Villager (Male) |
| 23:10 | Create | Villager (Male) |
| 23:17 | Create | Villager (Male) |
| 23:26 | Build | Farm |
| 23:27 | Build | Farm |
| 23:27 | Build | Farm |
| 23:27 | Build | Farm |
| 23:28 | Build | Farm |
| 23:28 | Build | Farm |
| 23:28 | Build | Farm |
| 23:32 | Create | Villager (Male) |
| 23:35 | Create | Villager (Male) |
| 23:41 | Create | Villager (Male) |
| 23:50 | Build | Archery Range |
| 23:51 | Create | Villager (Male) |
| 24:01 | Create | Villager (Male) |
| 24:16 | Create | Villager (Male) |
| 24:25 | Build | Lumber Camp |
| 24:29 | Create | Villager (Male) |
| 24:36 | Create | Villager (Male) |
| 24:42 | Create | Villager (Male) |
| 24:53 | Build | Archery Range |
| 24:55 | Create | Villager (Male) |
| 25:10 | Create | Villager (Male) |
| 25:11 | Create | Villager (Male) |
| 25:21 | Build | Farm |
| 25:21 | Build | Farm |
| 25:21 | Build | Farm |
Build order — CaptOblivious
First 150 of 275 actions detected
| 0:02 | Create | Villager (Male) |
| 0:02 | Create | Villager (Male) |
| 0:02 | Create | Villager (Male) |
| 0:02 | Create | Villager (Male) |
| 0:02 | Create | Villager (Male) |
| 0:04 | Build | House |
| 0:06 | Build | House |
| 1:37 | Create | Villager (Male) |
| 1:37 | Create | Villager (Male) |
| 1:51 | Build | Lumber Camp |
| 1:58 | Create | Villager (Male) |
| 1:58 | Create | Villager (Male) |
| 2:39 | Create | Villager (Male) |
| 3:01 | Create | Villager (Male) |
| 3:01 | Create | Villager (Male) |
| 3:04 | Create | Villager (Male) |
| 3:04 | Create | Villager (Male) |
| 3:33 | Build | House |
| 3:35 | Build | House |
| 3:51 | Create | Villager (Male) |
| 4:07 | Create | Villager (Male) |
| 4:07 | Create | Villager (Male) |
| 4:39 | Build | Mill |
| 4:47 | Build | Mill |
| 4:52 | Create | Villager (Male) |
| 4:52 | Create | Villager (Male) |
| 5:21 | Create | Villager (Male) |
| 5:21 | Create | Villager (Male) |
| 5:22 | Create | Villager (Male) |
| 5:55 | Create | Villager (Male) |
| 6:08 | Create | Villager (Male) |
| 6:18 | Create | Villager (Male) |
| 6:32 | Create | Villager (Male) |
| 6:32 | Create | Villager (Male) |
| 6:44 | Create | Villager (Male) |
| 6:45 | Create | Villager (Male) |
| 6:45 | Create | Villager (Male) |
| 7:16 | Create | Villager (Male) |
| 7:33 | Build | House |
| 7:34 | Build | House |
| 7:44 | Build | House |
| 7:45 | Build | House |
| 7:48 | Create | Villager (Male) |
| 7:59 | Create | Villager (Male) |
| 8:29 | Create | Villager (Male) |
| 8:43 | Build | Barracks |
| 8:49 | Create | Villager (Male) |
| 9:03 | Create | Villager (Male) |
| 9:14 | Build | Mining Camp |
| 9:20 | Build | Mining Camp |
| 9:23 | Create | Villager (Male) |
| 9:48 | Build | Lumber Camp |
| 10:02 | Research | Feudal Age |
| 10:27 | Build | Mining Camp |
| 10:29 | Create | Villager (Male) |
| 10:30 | Create | Villager (Male) |
| 11:39 | Build | Mill |
| 11:47 | Build | Farm |
| 11:54 | Build | Farm |
| 12:06 | Build | Farm |
| 12:16 | Build | House |
| 12:18 | Build | House |
| 12:19 | Create | Villager (Male) |
| 12:56 | Build | House |
| 12:57 | Build | House |
| 13:11 | Create | Villager (Male) |
| 13:42 | Build | Farm |
| 13:46 | Age | Feudal Age |
| 14:05 | Build | Blacksmith |
| 14:09 | Build | Market |
| 14:16 | Create | Villager (Male) |
| 14:17 | Create | Villager (Male) |
| 14:17 | Create | Villager (Male) |
| 14:48 | Build | Farm |
| 15:23 | Research | Loom |
| 15:26 | Create | Villager (Male) |
| 15:27 | Create | Villager (Male) |
| 15:33 | Research | Double-Bit Axe |
| 15:40 | Research | Horse Collar |
| 15:47 | Build | Farm |
| 15:51 | Build | Farm |
| 15:56 | Build | Farm |
| 16:00 | Build | Farm |
| 16:22 | Research | Castle Age |
| 17:01 | Build | Lumber Camp |
| 17:18 | Build | Farm |
| 17:21 | Build | Farm |
| 17:32 | Create | Villager (Male) |
| 17:41 | Research | Gold Mining |
| 18:08 | Research | Wheelbarrow |
| 19:17 | Age | Castle Age |
| 19:21 | Build | Castle |
| 19:22 | Research | Fletching |
| 19:25 | Create | Villager (Male) |
| 19:26 | Create | Villager (Male) |
| 19:26 | Create | Villager (Male) |
| 19:30 | Create | Villager (Male) |
| 19:30 | Create | Villager (Male) |
| 19:30 | Create | Villager (Male) |
| 19:39 | Build | Farm |
| 19:42 | Build | Farm |
| 19:45 | Build | Farm |
| 19:52 | Create | Villager (Male) |
| 19:53 | Create | Villager (Male) |
| 19:59 | Build | University |
| 20:15 | Create | Trade Cart |
| 20:15 | Create | Trade Cart |
| 20:15 | Create | Trade Cart |
| 20:42 | Create | Villager (Male) |
| 20:47 | Research | Bow Saw |
| 20:53 | Build | Lumber Camp |
| 20:55 | Create | Villager (Male) |
| 21:14 | Create | Villager (Male) |
| 21:29 | Research | Bodkin Arrow |
| 21:42 | Build | Mining Camp |
| 21:54 | Create | Villager (Male) |
| 21:54 | Create | Villager (Male) |
| 22:24 | Create | Villager (Male) |
| 22:24 | Create | Villager (Male) |
| 22:25 | Create | Villager (Male) |
| 22:25 | Create | Villager (Male) |
| 22:48 | Build | Stable |
| 22:53 | Build | House |
| 23:03 | Research | Murder Holes |
| 23:16 | Build | Farm |
| 23:20 | Build | Farm |
| 23:24 | Build | Farm |
| 23:26 | Research | Heavy Plow |
| 23:56 | Build | Farm |
| 24:00 | Build | Farm |
| 24:07 | Build | Farm |
| 24:09 | Create | Villager (Male) |
| 24:09 | Create | Villager (Male) |
| 24:10 | Create | Villager (Male) |
| 24:10 | Create | Villager (Male) |
| 24:10 | Create | Villager (Male) |
| 24:23 | Create | Knight |
| 24:23 | Create | Knight |
| 24:30 | Create | Knight |
| 24:30 | Create | Knight |
| 24:30 | Create | Knight |
| 24:31 | Create | Knight |
| 24:31 | Create | Knight |
| 24:31 | Create | Knight |
| 24:49 | Build | Monastery |
| 25:03 | Build | Monastery |
| 25:11 | Create | Villager (Male) |
| 25:11 | Create | Villager (Male) |
| 25:11 | Create | Villager (Male) |
| 25:12 | Create | Trade Cart |
Build order — FullMonte
First 150 of 280 actions detected
| 0:16 | Create | Villager (Male) |
| 0:16 | Create | Villager (Male) |
| 0:16 | Create | Villager (Male) |
| 0:16 | Create | Villager (Male) |
| 0:20 | Build | House |
| 0:22 | Build | House |
| 0:50 | Build | House |
| 0:51 | Build | House |
| 0:52 | Build | House |
| 2:03 | Create | Villager (Male) |
| 2:22 | Create | Villager (Male) |
| 2:38 | Create | Villager (Male) |
| 3:28 | Create | Villager (Male) |
| 3:35 | Build | Lumber Camp |
| 3:55 | Create | Villager (Male) |
| 4:30 | Create | Villager (Male) |
| 4:31 | Create | Villager (Male) |
| 4:52 | Create | Villager (Male) |
| 5:51 | Build | Mill |
| 5:56 | Create | Villager (Male) |
| 5:56 | Create | Villager (Male) |
| 5:57 | Create | Villager (Male) |
| 5:57 | Create | Villager (Male) |
| 6:52 | Create | Villager (Male) |
| 7:14 | Create | Villager (Male) |
| 7:41 | Create | Villager (Male) |
| 8:08 | Create | Villager (Male) |
| 8:49 | Create | Villager (Male) |
| 9:34 | Create | Villager (Male) |
| 9:36 | Research | Feudal Age |
| 9:46 | Build | Mining Camp |
| 10:14 | Build | Barracks |
| 10:20 | Build | House |
| 10:27 | Build | House |
| 10:46 | Build | Farm |
| 10:46 | Build | Farm |
| 10:46 | Build | Farm |
| 10:47 | Build | Farm |
| 11:29 | Build | House |
| 12:08 | Build | Mining Camp |
| 12:16 | Age | Feudal Age |
| 12:21 | Create | Villager (Male) |
| 12:21 | Create | Villager (Male) |
| 12:21 | Create | Villager (Male) |
| 12:22 | Create | Villager (Male) |
| 12:22 | Create | Villager (Male) |
| 12:52 | Build | Stable |
| 13:00 | Build | Palisade Wall |
| 13:05 | Research | Double-Bit Axe |
| 13:22 | Create | Villager (Male) |
| 13:22 | Create | Villager (Male) |
| 14:09 | Build | Blacksmith |
| 14:42 | Build | Farm |
| 14:42 | Build | Farm |
| 14:48 | Build | Farm |
| 14:48 | Build | Farm |
| 15:18 | Create | Villager (Male) |
| 15:25 | Research | Castle Age |
| 16:03 | Build | Market |
| 16:17 | Build | Market |
| 16:23 | Create | Villager (Male) |
| 16:24 | Create | Villager (Male) |
| 17:52 | Build | Farm |
| 17:53 | Build | Farm |
| 17:53 | Build | Farm |
| 17:53 | Build | Farm |
| 17:53 | Build | Farm |
| 17:56 | Build | Farm |
| 18:02 | Research | Horse Collar |
| 18:05 | Age | Castle Age |
| 18:09 | Research | Bow Saw |
| 18:12 | Create | Villager (Male) |
| 18:12 | Create | Villager (Male) |
| 18:21 | Build | Town Center |
| 19:06 | Research | Heavy Plow |
| 19:11 | Create | Villager (Male) |
| 19:19 | Research | Bloodlines |
| 19:41 | Create | Villager (Male) |
| 19:57 | Build | Town Center |
| 20:09 | Create | Villager (Male) |
| 20:09 | Create | Villager (Male) |
| 20:10 | Create | Villager (Male) |
| 20:18 | Research | Stone Mining |
| 20:58 | Create | Villager (Male) |
| 20:59 | Create | Villager (Male) |
| 21:01 | Build | Farm |
| 21:02 | Build | Farm |
| 21:04 | Build | Farm |
| 21:11 | Create | Villager (Male) |
| 21:12 | Create | Villager (Male) |
| 21:41 | Create | Villager (Male) |
| 21:41 | Create | Villager (Male) |
| 21:41 | Create | Villager (Male) |
| 21:42 | Create | Villager (Male) |
| 21:47 | Build | Farm |
| 21:47 | Build | Farm |
| 21:48 | Build | Farm |
| 21:48 | Build | Farm |
| 21:48 | Build | Farm |
| 21:49 | Build | Farm |
| 21:49 | Build | Farm |
| 22:00 | Create | Villager (Male) |
| 22:00 | Create | Villager (Male) |
| 22:01 | Create | Villager (Male) |
| 22:02 | Create | Villager (Male) |
| 22:02 | Create | Villager (Male) |
| 23:16 | Create | Villager (Male) |
| 23:17 | Create | Villager (Male) |
| 23:17 | Create | Villager (Male) |
| 23:17 | Create | Villager (Male) |
| 23:23 | Build | House |
| 23:25 | Build | House |
| 23:27 | Build | House |
| 23:30 | Build | House |
| 23:32 | Build | House |
| 23:34 | Build | House |
| 23:36 | Build | House |
| 23:38 | Build | House |
| 23:53 | Build | Farm |
| 23:53 | Build | Farm |
| 23:54 | Build | Farm |
| 23:54 | Build | Farm |
| 23:54 | Build | Farm |
| 23:55 | Build | Farm |
| 23:55 | Build | Farm |
| 24:01 | Create | Villager (Male) |
| 24:01 | Create | Villager (Male) |
| 24:01 | Create | Villager (Male) |
| 25:27 | Create | Villager (Male) |
| 25:27 | Create | Villager (Male) |
| 25:28 | Create | Villager (Male) |
| 25:28 | Create | Villager (Male) |
| 25:28 | Create | Villager (Male) |
| 25:28 | Create | Villager (Male) |
| 25:29 | Create | Villager (Male) |
| 25:29 | Create | Villager (Male) |
| 25:29 | Create | Villager (Male) |
| 25:29 | Create | Villager (Male) |
| 25:47 | Build | University |
| 25:57 | Build | Monastery |
| 26:27 | Create | Villager (Male) |
| 26:27 | Create | Villager (Male) |
| 26:58 | Build | House |
| 27:02 | Research | Imperial Age |
| 27:21 | Create | Villager (Male) |
| 27:21 | Create | Villager (Male) |
| 27:21 | Create | Villager (Male) |
| 27:22 | Create | Villager (Male) |
| 27:22 | Create | Villager (Male) |
| 27:22 | Create | Villager (Male) |
Build order — HoneyBadger.135
First 150 of 413 actions detected
| 0:02 | Research | Loom |
| 0:02 | Create | Villager (Male) |
| 0:03 | Create | Villager (Male) |
| 0:05 | Build | House |
| 0:07 | Build | House |
| 0:46 | Create | Villager (Male) |
| 0:46 | Create | Villager (Male) |
| 1:40 | Create | Villager (Male) |
| 2:13 | Build | Lumber Camp |
| 2:31 | Create | Villager (Male) |
| 2:42 | Create | Villager (Male) |
| 3:18 | Create | Villager (Male) |
| 3:33 | Create | Villager (Male) |
| 4:13 | Create | Villager (Male) |
| 4:25 | Build | Mill |
| 4:39 | Create | Villager (Male) |
| 5:05 | Create | Villager (Male) |
| 5:13 | Build | House |
| 5:17 | Build | House |
| 5:24 | Create | Villager (Male) |
| 6:20 | Build | Farm |
| 6:32 | Build | Farm |
| 6:38 | Create | Villager (Male) |
| 6:47 | Create | Villager (Male) |
| 7:06 | Build | Farm |
| 7:44 | Build | Mining Camp |
| 7:48 | Create | Villager (Male) |
| 8:08 | Create | Villager (Male) |
| 8:23 | Create | Villager (Male) |
| 8:41 | Create | Villager (Male) |
| 9:27 | Create | Villager (Male) |
| 9:29 | Create | Villager (Male) |
| 9:38 | Create | Villager (Male) |
| 9:56 | Build | House |
| 9:57 | Build | House |
| 10:04 | Research | Feudal Age |
| 10:35 | Build | Mill |
| 10:46 | Create | Villager (Male) |
| 10:47 | Create | Villager (Male) |
| 12:16 | Age | Feudal Age |
| 12:28 | Build | Blacksmith |
| 13:01 | Build | Market |
| 13:05 | Create | Villager (Male) |
| 13:06 | Create | Villager (Male) |
| 13:12 | Build | Farm |
| 13:15 | Research | Double-Bit Axe |
| 13:20 | Create | Villager (Male) |
| 14:12 | Build | Lumber Camp |
| 14:22 | Create | Villager (Male) |
| 14:31 | Build | Farm |
| 14:35 | Create | Villager (Male) |
| 14:40 | Create | Villager (Male) |
| 14:54 | Build | Farm |
| 14:56 | Research | Castle Age |
| 15:04 | Create | Villager (Male) |
| 15:05 | Create | Villager (Male) |
| 15:14 | Create | Villager (Male) |
| 15:21 | Build | House |
| 15:22 | Build | House |
| 15:32 | Create | Villager (Male) |
| 16:43 | Build | House |
| 16:45 | Build | House |
| 16:47 | Create | Trade Cart |
| 16:47 | Create | Trade Cart |
| 17:11 | Build | Lumber Camp |
| 17:40 | Age | Castle Age |
| 18:08 | Build | Town Center |
| 18:17 | Create | Villager (Male) |
| 18:19 | Create | Villager (Male) |
| 18:38 | Research | Bow Saw |
| 18:53 | Build | House |
| 19:07 | Create | Villager (Male) |
| 19:07 | Create | Villager (Male) |
| 19:08 | Create | Villager (Male) |
| 19:09 | Create | Villager (Male) |
| 19:34 | Build | Lumber Camp |
| 19:38 | Create | Trade Cart |
| 19:43 | Create | Villager (Male) |
| 19:57 | Build | Monastery |
| 20:01 | Create | Villager (Male) |
| 20:02 | Create | Villager (Male) |
| 20:29 | Build | Town Center |
| 20:35 | Create | Villager (Male) |
| 20:39 | Build | Farm |
| 21:00 | Create | Villager (Male) |
| 21:04 | Create | Villager (Male) |
| 21:29 | Build | Mining Camp |
| 21:33 | Create | Villager (Male) |
| 21:35 | Create | Villager (Male) |
| 21:40 | Build | Farm |
| 21:43 | Create | Villager (Male) |
| 21:53 | Build | Farm |
| 21:58 | Build | Farm |
| 22:14 | Build | Farm |
| 22:17 | Build | Farm |
| 22:23 | Create | Villager (Male) |
| 22:25 | Create | Villager (Male) |
| 22:26 | Create | Villager (Male) |
| 22:26 | Create | Villager (Male) |
| 22:27 | Create | Villager (Male) |
| 22:28 | Create | Villager (Male) |
| 22:29 | Create | Villager (Male) |
| 22:29 | Create | Villager (Male) |
| 22:30 | Create | Villager (Male) |
| 22:42 | Create | Monk |
| 22:56 | Build | Farm |
| 23:04 | Build | Farm |
| 23:10 | Build | Farm |
| 23:14 | Build | Farm |
| 23:25 | Build | Farm |
| 23:29 | Build | Farm |
| 23:32 | Create | Villager (Male) |
| 23:33 | Create | Villager (Male) |
| 23:33 | Create | Villager (Male) |
| 23:34 | Create | Villager (Male) |
| 23:37 | Create | Villager (Male) |
| 23:51 | Create | Monk |
| 23:51 | Create | Monk |
| 23:55 | Create | Villager (Male) |
| 23:56 | Create | Villager (Male) |
| 23:56 | Create | Villager (Male) |
| 23:57 | Create | Villager (Male) |
| 23:58 | Create | Villager (Male) |
| 24:09 | Build | House |
| 24:11 | Build | House |
| 24:12 | Build | House |
| 24:16 | Build | House |
| 24:18 | Build | House |
| 24:20 | Create | Villager (Male) |
| 24:20 | Create | Villager (Male) |
| 24:21 | Create | Villager (Male) |
| 24:32 | Build | Barracks |
| 24:33 | Build | Barracks |
| 24:35 | Build | Barracks |
| 24:47 | Create | Villager (Male) |
| 25:14 | Research | Man-at-Arms (upgrade) |
| 25:15 | Research | Squires |
| 25:23 | Create | Villager (Male) |
| 25:37 | Build | Farm |
| 25:37 | Build | Farm |
| 25:38 | Build | Farm |
| 25:39 | Build | Farm |
| 25:50 | Build | Farm |
| 25:51 | Build | Farm |
| 25:51 | Build | Farm |
| 25:52 | Build | Farm |
| 25:59 | Build | Farm |
| 26:00 | Build | Farm |
| 26:00 | Build | Farm |
| 26:01 | Build | Farm |
Build order — teban0721
First 150 of 506 actions detected
| 0:01 | Create | Villager (Male) |
| 0:03 | Build | Outpost |
| 0:11 | Create | Villager (Male) |
| 0:11 | Create | Villager (Male) |
| 0:22 | Create | Villager (Male) |
| 1:43 | Create | Villager (Male) |
| 2:13 | Build | Lumber Camp |
| 2:17 | Create | Villager (Male) |
| 2:17 | Create | Villager (Male) |
| 2:54 | Create | Villager (Male) |
| 2:54 | Create | Villager (Male) |
| 3:09 | Create | Villager (Male) |
| 3:41 | Create | Villager (Male) |
| 3:41 | Create | Villager (Male) |
| 3:52 | Build | Mill |
| 3:58 | Create | Villager (Male) |
| 4:37 | Create | Villager (Male) |
| 4:37 | Create | Villager (Male) |
| 4:44 | Build | Farm |
| 5:06 | Create | Villager (Male) |
| 5:21 | Create | Villager (Male) |
| 5:21 | Create | Villager (Male) |
| 5:49 | Build | Mill |
| 5:54 | Create | Villager (Male) |
| 5:54 | Create | Villager (Male) |
| 6:04 | Create | Villager (Male) |
| 6:37 | Create | Villager (Male) |
| 6:52 | Create | Villager (Male) |
| 7:18 | Create | Villager (Male) |
| 7:27 | Create | Villager (Male) |
| 7:42 | Create | Villager (Male) |
| 8:55 | Build | Mining Camp |
| 9:03 | Research | Feudal Age |
| 10:10 | Build | Mining Camp |
| 10:16 | Create | Villager (Male) |
| 11:25 | Create | Villager (Male) |
| 11:32 | Age | Feudal Age |
| 11:38 | Build | Market |
| 11:41 | Build | Blacksmith |
| 12:04 | Build | Mining Camp |
| 12:11 | Create | Villager (Male) |
| 12:35 | Research | Castle Age |
| 12:51 | Build | Farm |
| 13:16 | Research | Horse Collar |
| 13:29 | Build | Farm |
| 13:56 | Build | Farm |
| 13:58 | Research | Double-Bit Axe |
| 14:25 | Build | Lumber Camp |
| 14:41 | Create | Villager (Male) |
| 14:53 | Build | Farm |
| 14:58 | Build | Farm |
| 15:19 | Build | Farm |
| 15:27 | Age | Castle Age |
| 15:37 | Build | Castle |
| 15:41 | Create | Villager (Male) |
| 15:48 | Build | Town Center |
| 16:09 | Build | Farm |
| 16:12 | Create | Villager (Male) |
| 16:12 | Create | Villager (Male) |
| 16:18 | Research | Bow Saw |
| 16:36 | Build | Farm |
| 16:46 | Build | Farm |
| 16:49 | Create | Villager (Male) |
| 16:57 | Build | Farm |
| 17:03 | Build | Farm |
| 17:11 | Create | Villager (Male) |
| 17:11 | Create | Villager (Male) |
| 17:23 | Build | Farm |
| 17:27 | Create | Villager (Male) |
| 17:28 | Create | Villager (Male) |
| 17:45 | Create | Villager (Male) |
| 17:49 | Build | Farm |
| 17:54 | Build | Farm |
| 17:56 | Build | Farm |
| 17:59 | Build | Farm |
| 18:00 | Create | Villager (Male) |
| 18:01 | Create | Villager (Male) |
| 18:05 | Build | Farm |
| 18:07 | Build | Farm |
| 18:16 | Build | Farm |
| 18:23 | Build | Farm |
| 18:26 | Create | Villager (Male) |
| 18:26 | Create | Villager (Male) |
| 18:26 | Create | Villager (Male) |
| 18:33 | Build | Farm |
| 18:35 | Create | Villager (Male) |
| 18:36 | Create | Villager (Male) |
| 18:45 | Build | Lumber Camp |
| 18:48 | Create | Villager (Male) |
| 18:48 | Create | Villager (Male) |
| 18:49 | Create | Villager (Male) |
| 18:57 | Create | Villager (Male) |
| 18:58 | Create | Villager (Male) |
| 19:06 | Build | Farm |
| 19:13 | Create | Villager (Male) |
| 19:13 | Create | Villager (Male) |
| 19:22 | Build | Farm |
| 19:28 | Research | Town Watch |
| 19:30 | Create | Villager (Male) |
| 19:42 | Build | Siege Workshop |
| 19:45 | Create | Villager (Male) |
| 19:46 | Create | Villager (Male) |
| 19:54 | Research | Gold Mining |
| 20:01 | Create | Villager (Male) |
| 20:01 | Create | Villager (Male) |
| 20:19 | Build | Town Center |
| 20:26 | Create | Villager (Male) |
| 20:27 | Create | Villager (Male) |
| 20:39 | Create | Villager (Male) |
| 20:43 | Research | Loom |
| 20:44 | Research | Wheelbarrow |
| 20:55 | Build | Farm |
| 21:06 | Create | Villager (Male) |
| 21:06 | Create | Villager (Male) |
| 21:06 | Create | Villager (Male) |
| 21:06 | Create | Villager (Male) |
| 21:16 | Build | Town Center |
| 21:25 | Create | Villager (Male) |
| 21:26 | Create | Villager (Male) |
| 21:36 | Build | Mining Camp |
| 21:45 | Create | Villager (Male) |
| 21:52 | Create | Villager (Male) |
| 22:05 | Create | Villager (Male) |
| 22:05 | Create | Villager (Male) |
| 22:05 | Create | Villager (Male) |
| 22:08 | Create | Villager (Male) |
| 22:08 | Create | Villager (Male) |
| 22:13 | Build | Farm |
| 22:14 | Build | Farm |
| 22:16 | Build | Farm |
| 22:24 | Create | Mangonel |
| 22:30 | Create | Villager (Male) |
| 22:30 | Create | Villager (Male) |
| 22:37 | Build | Mining Camp |
| 22:47 | Create | Villager (Male) |
| 22:55 | Build | Farm |
| 23:03 | Create | Villager (Male) |
| 23:03 | Create | Villager (Male) |
| 23:03 | Create | Villager (Male) |
| 23:15 | Create | Villager (Male) |
| 23:15 | Create | Villager (Male) |
| 23:18 | Research | Fletching |
| 23:20 | Create | Villager (Male) |
| 23:21 | Create | Villager (Male) |
| 23:26 | Build | Farm |
| 23:30 | Create | Villager (Male) |
| 23:30 | Create | Villager (Male) |
| 23:40 | Build | Farm |
| 23:43 | Build | Farm |
| 23:49 | Research | Gold Shaft Mining |
Build order — LoCo5544
First 150 of 216 actions detected
| 0:03 | Create | Villager (Male) |
| 0:04 | Create | Villager (Male) |
| 0:04 | Create | Villager (Male) |
| 0:05 | Create | Villager (Male) |
| 0:08 | Build | House |
| 0:11 | Build | House |
| 1:56 | Create | Villager (Male) |
| 1:56 | Create | Villager (Male) |
| 3:48 | Create | Villager (Male) |
| 3:49 | Create | Villager (Male) |
| 3:50 | Create | Villager (Male) |
| 3:50 | Create | Villager (Male) |
| 3:50 | Create | Villager (Male) |
| 3:52 | Create | Villager (Male) |
| 3:52 | Create | Villager (Male) |
| 4:27 | Build | House |
| 4:57 | Build | Mill |
| 5:15 | Create | Villager (Male) |
| 5:16 | Create | Villager (Male) |
| 5:16 | Create | Villager (Male) |
| 5:16 | Create | Villager (Male) |
| 5:48 | Create | Villager (Male) |
| 5:48 | Create | Villager (Male) |
| 5:48 | Create | Villager (Male) |
| 7:33 | Build | Lumber Camp |
| 8:12 | Build | Mill |
| 8:28 | Build | House |
| 8:38 | Build | House |
| 8:48 | Research | Feudal Age |
| 8:55 | Create | Villager (Male) |
| 8:56 | Create | Villager (Male) |
| 9:01 | Research | Feudal Age |
| 9:53 | Build | Mining Camp |
| 10:29 | Build | House |
| 12:39 | Age | Feudal Age |
| 12:48 | Build | Market |
| 12:51 | Build | Blacksmith |
| 13:23 | Build | Mining Camp |
| 14:24 | Build | Farm |
| 14:24 | Build | Farm |
| 14:24 | Build | Farm |
| 14:25 | Build | Farm |
| 14:25 | Build | Farm |
| 14:25 | Build | Farm |
| 14:26 | Build | Farm |
| 14:26 | Build | Farm |
| 14:33 | Research | Castle Age |
| 15:39 | Create | Villager (Male) |
| 15:39 | Create | Villager (Male) |
| 15:39 | Create | Villager (Male) |
| 15:40 | Create | Villager (Male) |
| 15:40 | Create | Villager (Male) |
| 17:13 | Age | Castle Age |
| 17:20 | Build | Town Center |
| 17:41 | Build | Town Center |
| 19:46 | Create | Villager (Male) |
| 19:46 | Create | Villager (Male) |
| 19:46 | Create | Villager (Male) |
| 19:47 | Create | Villager (Male) |
| 19:47 | Create | Villager (Male) |
| 19:56 | Build | Town Center |
| 20:06 | Create | Villager (Male) |
| 20:06 | Create | Villager (Male) |
| 20:19 | Build | Farm |
| 20:23 | Build | Farm |
| 20:56 | Build | Farm |
| 20:59 | Build | Farm |
| 21:10 | Create | Villager (Male) |
| 21:11 | Create | Villager (Male) |
| 21:11 | Create | Villager (Male) |
| 21:11 | Create | Villager (Male) |
| 21:11 | Create | Villager (Male) |
| 21:12 | Create | Villager (Male) |
| 21:12 | Create | Villager (Male) |
| 21:12 | Create | Villager (Male) |
| 21:13 | Create | Villager (Male) |
| 21:13 | Create | Villager (Male) |
| 22:21 | Create | Villager (Male) |
| 22:21 | Research | Loom |
| 22:27 | Build | Farm |
| 22:33 | Build | Farm |
| 22:40 | Build | Farm |
| 22:46 | Build | Farm |
| 23:34 | Create | Villager (Male) |
| 23:35 | Create | Villager (Male) |
| 23:35 | Create | Villager (Male) |
| 23:35 | Create | Villager (Male) |
| 23:36 | Create | Villager (Male) |
| 23:36 | Create | Villager (Male) |
| 23:36 | Create | Villager (Male) |
| 23:36 | Create | Villager (Male) |
| 23:37 | Create | Villager (Male) |
| 23:37 | Create | Villager (Male) |
| 23:37 | Create | Villager (Male) |
| 23:38 | Create | Villager (Male) |
| 23:48 | Build | House |
| 23:49 | Build | House |
| 23:50 | Build | House |
| 23:52 | Build | House |
| 25:35 | Create | Villager (Male) |
| 25:35 | Create | Villager (Male) |
| 25:36 | Create | Villager (Male) |
| 25:36 | Create | Villager (Male) |
| 25:36 | Create | Villager (Male) |
| 25:36 | Create | Villager (Male) |
| 25:37 | Create | Villager (Male) |
| 25:37 | Create | Villager (Male) |
| 25:37 | Create | Villager (Male) |
| 25:38 | Create | Villager (Male) |
| 25:38 | Create | Villager (Male) |
| 25:38 | Create | Villager (Male) |
| 25:38 | Create | Villager (Male) |
| 26:11 | Build | Town Center |
| 27:37 | Create | Villager (Male) |
| 27:38 | Create | Villager (Male) |
| 27:38 | Create | Villager (Male) |
| 27:39 | Create | Villager (Male) |
| 27:39 | Create | Villager (Male) |
| 27:39 | Create | Villager (Male) |
| 27:39 | Create | Villager (Male) |
| 27:40 | Create | Villager (Male) |
| 27:40 | Create | Villager (Male) |
| 27:40 | Create | Villager (Male) |
| 27:41 | Create | Villager (Male) |
| 28:55 | Build | Town Center |
| 29:18 | Build | House |
| 29:19 | Build | House |
| 29:21 | Build | House |
| 29:52 | Build | Barracks |
| 31:09 | Build | Barracks |
| 31:11 | Create | Spearman |
| 31:12 | Create | Spearman |
| 31:12 | Create | Spearman |
| 31:13 | Create | Spearman |
| 31:35 | Build | Barracks |
| 31:40 | Create | Spearman |
| 31:40 | Create | Spearman |
| 31:46 | Research | Forging |
| 31:46 | Research | Scale Mail Armor |
| 31:53 | Build | Barracks |
| 32:01 | Build | Barracks |
| 32:07 | Research | Arson |
| 32:07 | Research | Squires |
| 32:07 | Research | Pikeman (upgrade) |
| 32:10 | Create | Spearman |
| 32:10 | Create | Spearman |
| 32:10 | Create | Spearman |
| 32:36 | Create | Spearman |
| 32:36 | Create | Spearman |
| 32:37 | Create | Spearman |
Match timeline
| 7:45 | maximiliano.conzuelo · first_building Barracks |
| 8:43 | CaptOblivious · first_building Barracks |
| 9:31 | alex02052013 · age_up feudal |
| 10:14 | FullMonte · first_building Barracks |
| 10:25 | RoshiClutch · age_up feudal |
| 10:36 | maximiliano.conzuelo · age_up feudal |
| 11:32 | teban0721 · age_up feudal |
| 12:16 | HoneyBadger.135 · age_up feudal |
| 12:16 | FullMonte · age_up feudal |
| 12:39 | LoCo5544 · age_up feudal |
| 12:52 | FullMonte · first_building Stable |
| 13:00 | FullMonte · wall_segment Palisade Wall x1 |
| 13:46 | CaptOblivious · age_up feudal |
| 13:56 | RoshiClutch · first_market_sell 100 wood |
| 13:57 | RoshiClutch · first_market_buy 100 food |
| 14:51 | HoneyBadger.135 · first_market_buy 100 wood |
| 15:27 | teban0721 · age_up castle |
| 15:37 | teban0721 · first_building Castle |
| 16:01 | RoshiClutch · first_building Barracks |
| 16:21 | CaptOblivious · first_market_buy 100 food |
| 16:33 | alex02052013 · age_up castle |
| 16:35 | RoshiClutch · age_up castle |
| 17:13 | LoCo5544 · age_up castle |
| 17:32 | RoshiClutch · first_building Stable |
| 17:40 | HoneyBadger.135 · age_up castle |
| 18:03 | RoshiClutch · first_building Monastery |
| 18:05 | FullMonte · age_up castle |
| 18:35 | RoshiClutch · first_building Castle |
| 18:54 | maximiliano.conzuelo · age_up castle |
| 19:17 | CaptOblivious · age_up castle |
| 19:21 | CaptOblivious · first_building Castle |
| 19:42 | teban0721 · first_building Siege Workshop |
| 19:48 | maximiliano.conzuelo · first_market_sell 100 food |
| 19:51 | maximiliano.conzuelo · first_market_buy 100 stone |
| 19:57 | HoneyBadger.135 · first_building Monastery |
| 20:00 | maximiliano.conzuelo · first_building Castle |
| 20:07 | RoshiClutch · first_building Archery Range |
| 21:26 | maximiliano.conzuelo · first_building Monastery |
| 22:48 | CaptOblivious · first_building Stable |
| 23:00 | alex02052013 · first_building Castle |
| 24:32 | HoneyBadger.135 · first_building Barracks |
| 24:49 | CaptOblivious · first_building Monastery |
| 25:57 | FullMonte · first_building Monastery |
| 26:41 | alex02052013 · first_building Barracks |
| 26:41 | teban0721 · first_building Barracks |
| 27:17 | HoneyBadger.135 · first_building Siege Workshop |
| 27:34 | teban0721 · first_building Stable |
| 27:46 | FullMonte · first_building Castle |
| 28:11 | FullMonte · first_building Archery Range |
| 28:27 | alex02052013 · first_building Stable |
| 29:21 | teban0721 · age_up imperial |
| 29:42 | HoneyBadger.135 · first_building Castle |
| 29:52 | LoCo5544 · first_building Barracks |
| 30:01 | maximiliano.conzuelo · age_up imperial |
| 30:14 | alex02052013 · first_building Archery Range |
| 30:17 | FullMonte · age_up imperial |
| 31:42 | alex02052013 · age_up imperial |
| 32:21 | FullMonte · first_building Siege Workshop |
| 32:32 | RoshiClutch · first_building Siege Workshop |
| 32:35 | CaptOblivious · age_up imperial |
| 33:08 | RoshiClutch · age_up imperial |
| 34:39 | HoneyBadger.135 · first_market_sell 100 wood |
| 35:34 | RoshiClutch · wall_segment Stone Wall x4 |
| 35:45 | RoshiClutch · wall_segment Stone Wall x7 |
| 38:12 | HoneyBadger.135 · age_up imperial |
| 42:45 | FullMonte · resign |
[ AI ANALYSIS · 1 CREDIT ]
What really happened in this match?
Wolo.gg analyzes every decision: build order, eco, micro, common mistakes by bracket. Personalized analysis on WhatsApp or Discord in 30 seconds.
Civ guide
Bohemians
Perfil
Jugador #22802687